 Dungeon Crawl Stone Soup version 0.18-a0-1637-g109f206 (webtiles) character file.

143 Wizzeh the Ruffian (level 5, -6/46 HPs)
             Began as a Ghoul Monk on Mar 26, 2016.
             Was a Believer of Makhleb.
             Mangled by Menkaure (10 damage)
             ... on level 4 of the Dungeon.
             The game lasted 00:41:24 (2741 turns).

Wizzeh the Ruffian (Ghoul Monk)                     Turns: 2741, Time: 00:41:25

Health: -6/46      AC:  2    Str: 15    XL:     5   Next: 25%
Magic:  13/13      EV: 13    Int:  5    God:    Makhleb [**....]
Gold:   83         SH:  0    Dex: 12    Spells: 0 memorised, 4 levels left

rFire  . . .     SeeInvis .       - Unarmed
rCold  + . .     Gourm    .     a - +0 robe
rNeg   + + +     Faith    +     (no shield)
rPois  ∞         Spirit   .     (no helmet)
rElec  .         Dismiss  .     (no cloak)
rCorr  .         Reflect  .     (no gloves)
SustAt .         Harm     .     (no boots)
MR     .....                    h - amulet of faith
Stlth  ++........               (no ring)
                                z - ring of magical power

@: rotting, not resistant to hostile enchantments, unstealthy
A: rotting body, claws 1, carnivore 3, cold resistance 1, negative energy
resistance 3, slow regeneration 1, torment resistance, unbreathing
a: Minor Destruction, Renounce Religion


You were on level 4 of the Dungeon.
You worshipped Makhleb.
Makhleb was pleased with you.
You were not hungry.

You visited 1 branch of the dungeon, and saw 4 of its levels.

You collected 83 gold pieces.

Inventory:

Hand Weapons
 d - a +0 club
 e - a +0 short sword
 k - a +0 whip
 s - a +0 hunting sling
 w - a +0 falchion
Missiles
 b - 18 bolts
 r - 18 arrows
 t - 4 sling bullets of flame
 v - 2 tomahawks (quivered)
Armour
 a - a +0 robe (worn)
 u - a +0 buckler
 x - a +0 robe
Jewellery
 h - an amulet of faith (around neck)
 z - a ring of magical power (left claw)
Scrolls
 c - 2 scrolls of remove curse {unknown}
 g - 4 scrolls of teleportation {unknown}
 l - 2 scrolls of enchant weapon {unknown}
 m - 2 scrolls of fog {unknown}
 n - 8 scrolls of identify {unknown}
 y - a scroll of magic mapping {unknown}
Potions
 i - a potion of magic {unknown}
 o - a potion of might {unknown}
 p - a potion of ambrosia {unknown}
 A - a potion of cancellation {unknown}
 B - a potion of heal wounds {unknown}
Comestibles
 f - 3 bread rations
 j - a beef jerky
 q - 2 meat rations


   Skills:
 + Level 4.0 Fighting
 + Level 3.6 Dodging
 + Level 3.1 Stealth
 + Level 5.4 Unarmed Combat


You had 4 spell levels left.
You didn't know any spells.

Dungeon Overview and Level Annotations

Branches:
Dungeon (4/15)
 Temple: D:4-7

Altars:
Kikubaaqudgha
Makhleb
Qazlal
Sif Muna
Yredelemnul
Zin

Shops:
D:4 %

Annotations:
D:4 Menkaure


Innate Abilities, Weirdness & Mutations

Your body is rotting away.
You thrive on raw meat.
You are immune to poison.
You have sharp fingernails.
You are carnivorous and can eat meat at any time.
Your flesh is cold resistant.
You are immune to negative energy.
You regenerate slowly when monsters are visible.
You are immune to unholy pain and torment.
You can survive without breathing.


Message History

Found a robe.
Found a scroll labeled COKYSKEXKE.
You see here a robe.
Menkaure, Prince of Dust comes into view.
You see here a robe.
x - a robe Menkaure shouts!
A worker ant comes into view.
Menkaure casts a spell.
Menkaure seems to speed up.
The worker ant twitches its antennae in your direction.
You see here a scroll labeled COKYSKEXKE.
You closely miss Menkaure. Menkaure hits you!
You scratch Menkaure.
Menkaure is lightly damaged.
Menkaure hits you! Menkaure barely misses you. Menkaure hits you!!
* * * LOW HITPOINT WARNING * * *
Menkaure hits you!
You die...

########################
........................
################@...####
#########.aM.####
#......?..####
..#########


You could see Menkaure and a worker ant.

Vanquished Creatures
  7 adders
  An ooze (D:3)
  A worm (D:2)
  2 giant geckos (D:2)
  5 orcs (D:3)
  3 giant cockroaches
  2 gnoll zombies (D:2)
  6 goblins
  7 hobgoblins
  4 jackals
  10 kobolds
  A quokka (D:2)
  10 bats
  5 giant newts
  A rat (D:2)
65 creatures vanquished.

Notes
Turn   | Place    | Note
--------------------------------------------------------------
     0 | D:1      | Wizzeh the Ghoul Monk began the quest for the Orb.
     0 | D:1      | Reached XP level 1. HP: 19/19 MP: 0/0
   284 | D:1      | Reached XP level 2. HP: 25/25 MP: 1/1
   966 | D:2      | Reached XP level 3. HP: 15/31 MP: 2/2
  1109 | D:2      | Reached skill level 5 in Unarmed Combat
  1130 | D:2      | Reached XP level 4. HP: 37/40 MP: 3/3
  1522 | D:2      | Found a stormy altar of Qazlal.
  1765 | D:2      | Found a basalt altar of Yredelemnul.
  1930 | D:3      | Found a deep blue altar of Sif Muna.
  2095 | D:3      | Found a faded altar to an unknown god.
  2124 | D:3      | Reached XP level 5. HP: 27/46 MP: 4/4
  2372 | D:3      | Found an ancient bone altar of Kikubaaqudgha.
  2531 | D:3      | Found a burning altar of Makhleb.
  2536 | D:3      | Noticed a cacodemon
  2539 | D:3      | Found a glowing silver altar of Zin.
  2540 | D:3      | Noticed an angel
  2549 | D:3      | Became a worshipper of Makhleb the Destroyer
  2549 | D:3      | Reached * piety under Makhleb
  2549 | D:3      | Reached ** piety under Makhleb
  2667 | D:4      | Found Udat's Food Boutique.
  2723 | D:4      | Noticed Menkaure
  2741 | D:4      | Mangled by Menkaure

Vault maps used:
D:1:      saegor_arrival_simple_a
D:2:      lemuel_zombie_altar_yredelemnul, lemuel_coloured_pillars_altar,
          first_bread
D:3:      grunt_temple_overflow_order_and_chaos_2, kiku_gazebo_garden_becter,
          lemuel_crystal_altar, serial_glass, glass_columns_a, glass_columns_c,
          glass_columns_a, glass_columns_a, glass_columns_a, glass_columns_b,
          glass_columns_a, glass_columns_a, glass_columns_b, glass_columns_b,
          ecumenical_altar_2
D:4:      okawaru_trees_2, serial_shops, nicolae_shop_waterfront,
          nicolae_shop_temple_entry_statues_fountains, nicolae_shop_crystal,
          nicolae_shop_waterfront, kennysheep_nub, uniq_menkaure

Skill      XL: |  1  2  3  4 |
---------------+-------------+-----
Dodging        | 3 |  3.6
Unarmed Combat | 5 |  5.4
Stealth        | 3 |  3.1
Fighting       | 4 |  4.0

Action                   |  1- 3 |  4- 6 || total
-------------------------+-------+-------++-------
Melee: Unarmed           |    79 |   120 ||   199
 Stab: Sleeping          |    10 |     3 ||    13
  Eat: Chunk             |     7 |     7 ||    14
       Meat ration       |     1 |       ||     1
